 Dungeon Crawl Stone Soup version 0.19-a0-36-g4a0968a (webtiles) character file.

1337 Zhenya25pyc the Cudgeler (level 8, -24/51 HPs)
             Began as a Gargoyle Fighter on May 4, 2016.
             Annihilated by braks's ghost (28 damage)
             ... on level 7 of the Dungeon.
             The game lasted 00:10:55 (5256 turns).

Zhenya25pyc the Cudgeler (Gargoyle Fighter)         Turns: 5256, Time: 00:10:56

Health: -24/51     AC: 21    Str: 22    XL:     8   Next: 61%
Magic:  8/8        EV:  8    Int:  9    God:
Gold:   341        SH: 11    Dex:  9    Spells: 0 memorised, 7 levels left

rFire  . . .     SeeInvis .     J - +0 flail (protect)
rCold  . . .     Gourm    .     b - +0 scale mail
rNeg   + . .     Faith    .     c - +1 shield
rPois  ∞         Spirit   .     y - +2 helmet
rElec  +         Dismiss  .     (no cloak)
rCorr  .         Reflect  .     (no gloves)
SustAt .         Harm     +     (no boots)
MR     .....                    E - amulet of harm
Stlth  +.........               (no ring)
                                j - ring of stealth

@: not resistant to hostile enchantments, very unstealthy
A: negative energy resistance 1, electricity resistance, unbreathing,
petrification resistance, rot immunity, AC +5
a: no special abilities


You were on level 7 of the Dungeon.
You were not hungry.

You visited 1 branch of the dungeon, and saw 7 of its levels.

You collected 341 gold pieces.

Inventory:

Hand Weapons
 J - a +0 flail of protection (weapon)
Armour
 b - a +0 scale mail (worn)
 c - a +1 shield (worn)
 y - a +2 helmet (worn)
Jewellery
 j - a ring of stealth (left hand)
 E - an amulet of harm (around neck)
Wands
 K - a wand of disintegration (10/24)
 L - a wand of lightning (9/15)
Scrolls
 a - a scroll of fear {unknown}
 e - a scroll of immolation {unknown}
 g - a scroll of remove curse
 h - 2 scrolls of enchant weapon {unknown}
 i - 2 scrolls of identify
 l - a scroll of blinking
 n - a scroll of vulnerability {unknown}
 o - 2 scrolls of enchant armour
 v - 2 scrolls of recharging
 C - a scroll of teleportation {unknown}
 D - 2 scrolls of magic mapping
Potions
 d - a potion of might
 k - a potion of degeneration
 m - 2 potions of haste {unknown}
 p - a potion of berserk rage
 s - a potion of magic {unknown}
 t - 3 potions of flight
 u - 3 potions of curing
 w - a potion of mutation {unknown}
 x - a potion of lignification
 B - 2 potions of heal wounds {unknown}
 I - a potion of agility {unknown}
Books
 r - a book of Changes

   Spells                             Type                      Level
   a - Beastly Appendage              Transmutation                1
   b - Sticks to Snakes               Transmutation                2
   c - Spider Form                    Transmutation/Poison         3
   d - Ice Form                       Ice/Transmutation            4
   e - Blade Hands                    Transmutation                5
 z - a book of the Earth

   Spells                             Type                      Level
   a - Leda's Liquefaction            Hexes/Earth                  4
   b - Bolt of Magma                  Conjuration/Fire/Earth       5
   c - Statue Form                    Transmutation/Earth          6
   d - Iron Shot                      Conjuration/Earth            6
   e - Shatter                        Earth                        9
 G - a Fen Folio

   Spells                             Type                      Level
   a - Corpse Rot                     Necromancy                   2
   b - Stone Arrow                    Conjuration/Earth            3
   c - Leda's Liquefaction            Hexes/Earth                  4
   d - Summon Forest                  Summoning/Translocation      5
   e - Hydra Form                     Transmutation                6
   f - Summon Hydra                   Summoning                    7
Comestibles
 f - 5 bread rations
 q - 3 royal jellies
 A - a slice of pizza
 F - 6 fruits


   Skills:
 + Level 5.7 Fighting
 * Level 7.0 Maces & Flails
 + Level 5.9 Armour
 + Level 5.8 Shields


You had 7 spell levels left.
You didn't know any spells.

Dungeon Overview and Level Annotations

Branches:
Dungeon (7/15)
 Temple: D:4-7

Altars:
Cheibriados
Dithmenos
Gozag
Ru
Trog
Zin

Annotations:
D:7 Dowan; braks's ghost, journeyman HOFi


Innate Abilities, Weirdness & Mutations

You are resistant to torment.
Your stone body is resilient (AC +5).
You are immune to poison.
You resist negative energy.
You are resistant to electric shocks.
You can survive without breathing.
You are immune to petrification.
You are immune to rotting.


Message History

You are too injured to fight recklessly!
You are too injured to fight recklessly!
You are too injured to fight recklessly!
You are too injured to fight recklessly!
You are too injured to fight recklessly!
You are too injured to fight recklessly!
You are too injured to fight recklessly!
You are too injured to fight recklessly!
You closely miss braks's ghost.
Braks's ghost is severely damaged.
You block braks's ghost's attack.
You barely miss braks's ghost.
Braks's ghost is severely damaged.
Dowan gestures wildly while chanting.
Dowan blinks!
You block braks's ghost's attack.
You hit braks's ghost.
Braks's ghost is severely damaged.
Braks's ghost hits you!!
Ouch! That really hurt!
You die...

#....#..###.....# #
##...###.# #....# .# ##
#....# #.## #....#... #.##
##...## #..###.......# #..##
#....# #..##..)......
#...###....# #..##.........
#..........####.........#..#
#...........#W.........#....
#....####...@##..........#..
###....#
##<.#####............
#.#....###...# #........#...
##..##..#....##
##...).###...
##..####......# #....## ##
#.### #........# ##....# ###
#.#........ .....
#.#........ #.#....###.


You could see braks's ghost.

Vanquished Creatures
  A yak (D:4)
  A hungry ghost (D:6)
  Duvessa (D:7)
  2 ogres
  2 giant frogs
  A scorpion (D:4)
  A crimson imp (D:6)
  An orc priest (D:6)
  2 hounds
  An orc wizard (D:6)
  Ijyb (D:4)
  An iguana (D:5)
  6 worker ants
  A hound zombie (D:6)
  Robin (D:3)
  A howler monkey zombie (D:5)
  A worker ant zombie (D:5)
  6 adders
  2 shadow imps (D:6)
  A white imp (D:6)
  2 oozes
  An adder skeleton (D:4)
  A worm (D:3)
  4 dart slugs (D:1)
  2 giant geckos
  11 orcs
  3 ball pythons
  2 bats
  3 giant cockroaches
  25 goblins
  6 hobgoblins
  9 jackals
  2 quokkas
  5 giant newts
  4 kobolds
  5 rats
  A bush (D:1)
  A fungus (D:1)
  A plant (D:1)
122 creatures vanquished.

Notes
Turn   | Place    | Note
--------------------------------------------------------------
     0 | D:1      | Zhenya25pyc the Gargoyle Fighter began the quest for the Orb.
     0 | D:1      | Reached XP level 1. HP: 14/14 MP: 1/1
    85 | D:1      | Reached XP level 2. HP: 13/19 MP: 2/2
   367 | D:1      | Found a snail-covered altar of Cheibriados.
   380 | D:1      | Reached XP level 3. HP: 18/23 MP: 3/3
  1141 | D:2      | Reached skill level 3 in Maces & Flails
  1630 | D:2      | Reached XP level 4. HP: 29/29 MP: 4/4
  1818 | D:3      | Noticed Robin
  1825 | D:3      | Killed Robin
  2285 | D:3      | Found a sacrificial altar of Ru.
  2489 | D:4      | Reached XP level 5. HP: 33/33 MP: 5/5
  2718 | D:4      | Noticed a yak
  2735 | D:4      | Killed a yak
  2735 | D:4      | Reached skill level 4 in Maces & Flails
  2735 | D:4      | Reached XP level 6. HP: 12/38 MP: 6/6
  2736 | D:4      | Noticed Ijyb
  2757 | D:4      | Killed Ijyb
  3197 | D:4      | Found an opulent altar of Gozag.
  3652 | D:4      | Reached skill level 5 in Maces & Flails
  3652 | D:4      | Reached XP level 7. HP: 42/44 MP: 7/7
  3750 | D:5      | Entered Level 5 of the Dungeon
  3928 | D:5      | Found a glowing silver altar of Zin.
  3929 | D:5      | Found a bloodstained altar of Trog.
  4497 | D:6      | Reached skill level 5 in Armour
  4515 | D:6      | Found a shadowy altar of Dithmenos.
  4524 | D:6      | Reached skill level 5 in Shields
  4663 | D:6      | Reached skill level 5 in Fighting
  4663 | D:6      | Reached skill level 6 in Maces & Flails
  4907 | D:6      | Reached XP level 8. HP: 49/49 MP: 8/8
  5195 | D:7      | Noticed Dowan
  5195 | D:7      | Noticed Duvessa
  5203 | D:7      | Noticed braks's ghost (journeyman HOFi)
  5241 | D:7      | Killed Duvessa
  5241 | D:7      | Reached skill level 7 in Maces & Flails
  5256 | D:7      | Annihilated by braks's ghost

Vault maps used:
D:1:      nicolae_arrival_washed_ashore, serial_forest, infiniplex_forest_pool,
          infiniplex_forest_end_2, infiniplex_forest_clump_cross,
          infiniplex_forest_lined_2, infiniplex_forest_straight_3,
          infiniplex_forest_straight_5, infiniplex_forest_lined_4_way,
          infiniplex_forest_straight_2, minmay_gold_behind_fungi,
          cheibriados_altar_1
D:2:      minmay_misc_feat_encased
D:3:      nicolae_overflow_hidden_temple, first_bread, uniq_robin
D:4:      kennysheep_goblin_castle, nicolae_overflow_crystal_walls
D:5:      gammafunk_temple_overflow_statue
D:6:      nicolae_dithmenos_shadow_blocks, minmay_fire_ice_demons
D:7:      minmay_temple_entry_hall, serial_shops, shop, uniq_duvessa

Skill      XL: |  1  2  3  4  5  6  7  8 |
---------------+-------------------------+-----
Maces & Flails | 3 4 5 6 7 |  7.0
Shields        | 4 5 |  5.8
Armour         | 4 5 |  5.9
Fighting       | 4 5 |  5.7

Action                   |  1- 3 |  4- 6 |  7- 9 || total
-------------------------+-------+-------+-------++-------
Melee: Flail             |   222 |   270 |   221 ||   713
  Use: Scroll            |       |     9 |     5 ||    14
  Eat: Chunk             |     3 |     7 |     4 ||    14
       Meat ration       |       |       |     1 ||     1
       Beef jerky        |       |       |     1 ||     1
Armor: Scale mail        |    85 |   166 |   102 ||   353
Dodge: Dodged            |    41 |    77 |    75 ||   193
Block: Shield            |    73 |   176 |   134 ||   383
